 Dungeon Crawl Stone Soup version 0.29-a0-284-gf9362112df (webtiles) character file.

Game seed: 15147195343391737252

74 chopper the Shield-Bearer (level 4, -8/41 HPs)
             Began as a Gnoll Fighter on Apr 1, 2022.
             Killed by divine providence
             ... invoked by an orc priest
              (11 damage)
             ... on level 3 of the Dungeon.
             The game lasted 00:09:06 (1447 turns).

chopper the Shield-Bearer (Gnoll Fighter)           Turns: 1447, Time: 00:09:07

Health: -8/41      AC: 15    Str: 18    XL:     4   Next: 28%
Magic:  5/5        EV:  5    Int:  7    God:
Gold:   102        SH:  5    Dex: 11    Spells: 5/5 levels left

rFire   . . .      SeeInvis .   a - +0 war axe
rCold   . . .      Faith    .   c - +0 buckler
rNeg    . . .      Spirit   .   l - +0 plate armour
rPois   .          Reflect  .   (no helmet)
rElec   .          Harm     .   (no cloak)
rCorr   .          Rampage  .   m - +1 pair of gloves
Will    .....                   (no boots)
Stlth   ..........              (no amulet)
HPRegen 0.13/turn               (no ring)
MPRegen 0.09/turn               (no ring)

@: no status effects
A: fangs 1, strong nose, distributed training
a: no special abilities


You were on level 3 of the Dungeon.
You visited 1 branch of the dungeon, and saw 3 of its levels.

You collected 102 gold pieces.

Inventory:

Hand Weapons
 a - a +0 war axe (weapon)
 q - the +6 rapier of the Endless March {protect, rElec}
   (You found it on level 3 of the Dungeon)

   It grants its wielder temporary protection when it strikes (+7 to AC).
   rElec:     It insulates you from electricity.
Missiles
 g - 6 javelins (quivered)
 j - 9 poisoned darts
 k - 3 datura-tipped darts
Armour
 c - a +0 buckler (worn)
 l - a +0 plate armour (worn)
 m - a +1 pair of gloves (worn)
Scrolls
 e - a scroll of torment {unknown}
 h - a scroll of blinking {unknown}
 i - a scroll of teleportation {unknown}
 n - a scroll of noise {unknown}
 o - a scroll of magic mapping {unknown}
 p - a scroll of identify {unknown}
Potions
 b - a potion of degeneration {unknown}
 d - a potion of might
 f - 4 potions of curing {unknown}


   Skills:
 + Level 6.6 Fighting
 + Level 1.1 Short Blades
 + Level 1.1 Long Blades
 + Level 4.6 Axes
 + Level 1.1 Maces & Flails
 + Level 1.1 Polearms
 + Level 1.1 Staves
 + Level 1.1 Slings
 + Level 1.1 Bows
 + Level 1.1 Crossbows
 + Level 1.1 Throwing
 + Level 6.6 Armour
 + Level 1.1 Dodging
 + Level 1.1 Stealth
 + Level 6.6 Shields
 + Level 1.1 Unarmed Combat
 + Level 1.1 Spellcasting
 + Level 0.8 Conjurations
 + Level 0.8 Hexes
 + Level 0.8 Summonings
 + Level 0.8 Necromancy
 + Level 0.8 Translocations
 + Level 0.8 Transmutations
 + Level 0.8 Fire Magic
 + Level 0.8 Ice Magic
 + Level 0.8 Air Magic
 + Level 0.8 Earth Magic
 + Level 0.8 Poison Magic
 + Level 1.2 Invocations
 + Level 1.1 Evocations


You had 5 spell levels left.
You didn't know any spells.
Your spell library contained the following spells:

 Spells                   Type           Power      Damage    Failure   Level
 Sandblast                Erth           2%         2d4       100%        1
 Passwall                 Tmut/Erth      0%         N/A       100%        2
 Portal Projectile        Hex/Tloc       2%         N/A       100%        3
 Blade Hands              Tmut           0%         N/A       100%        5
 Excruciating Wounds      Necr           0%         N/A       100%        5
 Yara's Violent Unravell  Hex/Tmut       0%         3d3       100%        5


Dungeon Overview and Level Annotations

Branches:
Dungeon (3/15)

Altars:
Xom


Innate Abilities, Weirdness & Mutations

You have very sharp teeth.
Your uncanny sense of smell can sniff out nearby items.
Your experience applies equally to all skills.


Message History

You block the orc wizard's attack.
You slash the orc wizard!
You kill the orc wizard!
Your Short Blades skill increases to level 1!
Your Long Blades skill increases to level 1!
Your Maces & Flails skill increases to level 1!
Your Polearms skill increases to level 1!
Your Staves skill increases to level 1!
Your Slings skill increases to level 1!
Your Bows skill increases to level 1!
Your Crossbows skill increases to level 1!
Your Throwing skill increases to level 1!
Your Dodging skill increases to level 1!
Your Stealth skill increases to level 1!
Your Unarmed Combat skill increases to level 1!
Your Spellcasting skill increases to level 1!
Your Evocations skill increases to level 1!
You have reached level 4!
You feel stronger.
Things that are here:
a +0 mace; a +0 club; an orc corpse The orc attacks as you move away!
The orc completely misses you.
You hit the orc.
The orc is almost dead.
You block the orc's attack.
You barely miss the orc. You bite the orc, but do no damage.
The orc is almost dead.
The orc barely misses you. The orc closely misses you.
The orc priest calls down the wrath of Beogh upon you.
Beogh smites you!
* * * LOW HITPOINT WARNING * * *
The orc hits you with a +0 dagger.
* * * LOW HITPOINT WARNING * * *
The orc attacks as you move away! The orc hits you but does no damage.
The orc priest calls upon Beogh to heal the orc.
The orc is healed somewhat.
The orc attacks as you move away! The orc hits you with a +0 club.
* * * LOW HITPOINT WARNING * * *
The orc priest invokes the aid of Beogh against you.
Beogh smites you!
You die...

#.#........
#..........
###.#.##### ∆ #.#.#
#.#.# #.#.#
#.#.######
#.#....o.#####
#....@.o.oo..######..
########.............
#####)########
#.######## #..)oo.o..
##########


You could see an orc priest and 3 orcs.

Vanquished Creatures
  An orc wizard (D:3)
  2 adders (D:2)
  A worm (D:3)
  A dart slug (D:1)
  2 orcs (D:3)
  4 ball pythons
  A bat (D:1)
  2 endoplasms (D:2)
  2 goblins
  3 hobgoblins
  3 frilled lizards
  2 kobolds
  2 rats
26 creatures vanquished.

Notes
Turn   | Place    | Note
-------+----------+-------------------------------------------
     0 | D:1      | chopper the Gnoll Fighter began the quest for the Orb.
     0 | D:1      | Reached XP level 1. HP: 23/23 MP: 1/1
   310 | D:1      | Reached XP level 2. HP: 24/29 MP: 2/2
   586 | D:1      | Got Utiob's Reference Book on Ashen Changing
   714 | D:2      | Found a shimmering altar of Xom.
   783 | D:2      | Reached XP level 3. HP: 30/35 MP: 3/3
   981 | D:2      | Found a faded altar of an unknown god.
  1112 | D:2      | Reached skill level 1 in Invocations
  1409 | D:3      | Identified the +6 rapier of the Endless March {protect,
                  | rElec}
  1437 | D:3      | Reached skill level 1 in Short Blades
  1437 | D:3      | Reached skill level 1 in Long Blades
  1437 | D:3      | Reached skill level 1 in Maces & Flails
  1437 | D:3      | Reached skill level 1 in Polearms
  1437 | D:3      | Reached skill level 1 in Staves
  1437 | D:3      | Reached skill level 1 in Slings
  1437 | D:3      | Reached skill level 1 in Bows
  1437 | D:3      | Reached skill level 1 in Crossbows
  1437 | D:3      | Reached skill level 1 in Throwing
  1437 | D:3      | Reached skill level 1 in Dodging
  1437 | D:3      | Reached skill level 1 in Stealth
  1437 | D:3      | Reached skill level 1 in Unarmed Combat
  1437 | D:3      | Reached skill level 1 in Spellcasting
  1437 | D:3      | Reached skill level 1 in Evocations
  1437 | D:3      | Reached XP level 4. HP: 17/41 MP: 5/5
  1447 | D:3      | Killed from afar by an orc priest

Illustrated notes

Levels and vault maps discovered:
D:1:      minmay_arrival_radiant_lines, layout_basic
D:2:      layout_rooms, shapermc_ecumenical_altar_totnotflames, basic_altar,
          minmay_heptomino_o4
D:3:      layout_loops_ring, serial_shops, nicolae_shop_bloodbath_and_beyond

Skill      XL: |  1  2  3 |
---------------+----------+-----
Invocations    | 1 |  1.2
Short Blades   | 1 |  1.1
Long Blades    | 1 |  1.1
Maces & Flails | 1 |  1.1
Polearms       | 1 |  1.1
Staves         | 1 |  1.1
Slings         | 1 |  1.1
Bows           | 1 |  1.1
Crossbows      | 1 |  1.1
Throwing       | 1 |  1.1
Dodging        | 1 |  1.1
Stealth        | 1 |  1.1
Unarmed Combat | 1 |  1.1
Spellcasting   | 1 |  1.1
Evocations     | 1 |  1.1
Fighting       | |  6.6
Axes           | |  4.6
Armour         | |  6.6
Shields        | |  6.6
Conjurations   | |  0.8
Hexes          | |  0.8
Summonings     | |  0.8
Necromancy     | |  0.8
Translocations | |  0.8
Transmutations | |  0.8
Fire Magic     | |  0.8
Ice Magic      | |  0.8
Air Magic      | |  0.8
Earth Magic    | |  0.8
Poison Magic   | |  0.8

Action                   |  1- 3 |  4- 6 || total
-------------------------+-------+-------++-------
Melee: War axe           |    81 |     2 ||    83
       Bite              |     5 |     1 ||     6
Armor: Scale mail        |    16 |       ||    16
       Plate armour      |    26 |     1 ||    27
Dodge: Dodged            |    20 |     3 ||    23
Block: Buckler           |    22 |     1 ||    23

Table legend: (Time is in decaauts)
 A = Elapsed time spent in this place.
 B = Non-inter-level travel time spent in this place.
 C = Inter-level travel time spent in this place.
 D = Time resting spent in this place.
 E = Time spent auto-exploring this place.
 F = Levels seen in this place.
 G = Mean time per level.
                   A        B        C        D        E       F      G
               +--------+--------+--------+--------+--------+-----+--------+
         Total |   1471 |   1471 |      0 |      0 |      0 |   3 |  490.3 |
       Dungeon |   1471 |   1471 |      0 |      0 |      0 |   3 |  490.3 |
               +--------+--------+--------+--------+--------+-----+--------+

Top non-repeatable levels by time:
     D:1: 682 daAuts
     D:2: 608 daAuts
     D:3: 180 daAuts
